 Dungeon Crawl Stone Soup version 0.31.0-11-ge490571c62 (webtiles) character file.

Game seed: 2223729537484721974

7305 boopmooplesden the Carver (level 10, -3/129 HPs)
             Began as an Armataur Fighter on Feb 1, 2024.
             Was a Believer of Trog.
             Slain by a sun demon (15 damage)
             ... summoned by a kobold demonologist
             ... on level 9 of the Dungeon.
             The game lasted 00:14:30 (7538 turns).

boopmooplesden the Carver (Armataur Fighter)        Turns: 7538, Time: 00:14:31

Health: -3/129     AC: 23    Str: 22    XL:     10   Next: 90%
Magic:  10/10      EV:  3    Int:  9    God:    Trog [**....]
Gold:   525        SH:  8    Dex: 13    Spells: 9/9 levels left

rFire   . . .        e - +3 demon blade (elec)
rCold   . . .        c - +2 buckler
rNeg    . . .        l - +1 plate armour
rPois   .            (no helmet)
rElec   .            m - +2 cloak
rCorr   .            (no gloves)
SInv    .            s - +1 barding
Will    .....        A - amulet of regeneration Stlth
                     (no ring)
HPRegen 1.21/turn    (no ring)
MPRegen 0.12/turn

%: roll
@: berserking (expiring), very quick
A: large, deformed body, tough skin 3, armoured tail, roll 2
a: Renounce Religion, Berserk, Trog's Hand


You were on level 9 of the Dungeon.
You worshipped Trog.
Trog was pleased with you.
You visited 2 branches of the dungeon, and saw 10 of its levels.
You also visited: Ossuary and Bailey.

You collected 525 gold pieces.

Inventory:

Hand Weapons
 a - a +0 long sword of protection
 b - a +5 scimitar of protection
 e - a +3 demon blade of electrocution (weapon)
 z - the +5 rapier of the Undead {flame, rElec Str+3}
   (You found it in a bailey)

   Str+3:     It affects your strength (+3).
   rElec:     It insulates you from electricity.
 I - a +0 heavy sling
Missiles
 J - 5 javelins (quivered)
Armour
 c - a +2 buckler (worn)
 l - a +1 plate armour (worn)
 m - a +2 cloak (worn)
 p - a scarf of harm
 s - a +1 barding (worn)
 B - the +0 leather armour "Mooggil" {Harm Will+}
   (You found it on level 6 of the Dungeon)

   Will+:     It increases your willpower.
   Harm:      It increases damage dealt and taken.
 G - +2 acid dragon scales
 H - +0 steam dragon scales
Jewellery
 v - an amulet of faith
 A - an amulet of regeneration (around neck)
Talismans
 j - a serpent talisman
 k - a beast talisman
Wands
 o - a wand of polymorph (4)
Scrolls
 f - 2 scrolls of fog
 g - 3 scrolls of immolation
 q - 8 scrolls of identify
 x - a scroll of teleportation
 y - 2 scrolls of blinking
Potions
 d - 2 potions of attraction
 h - 2 potions of berserk rage
 i - 6 potions of curing
 n - 3 potions of lignification
 r - 2 potions of invisibility
 t - a potion of brilliance
 w - a potion of might
 C - 2 potions of haste
 D - a potion of enlightenment {unknown}
 F - a potion of magic


   Skills:
 + Level 7.1 Fighting
 + Level 10.6 Long Blades
 + Level 10.1 Armour
 + Level 1.0 Dodging
 + Level 0.7 Stealth
 + Level 7.4 Shields


You had 9 spell levels left.
You didn't know any spells.
Your spell library contained the following spells:

 Spells                   Type           Power      Damage    Failure   Level
 Shock                    Conj/Air       0%         1d3       100%        1
 Cigotuvi's Dreadful Rot  Necr/Alch/Air  0%         N/A       100%        2
 Lesser Beckoning         Tloc           0%         N/A       100%        2
 Gell's Gravitas          Tloc           0%         N/A       100%        3
 Swiftness                Air            0%         N/A       100%        3
 Teleport Other           Tloc           0%         N/A       100%        3
 Airstrike                Air            0%         2d(0-16)  100%        4
 Ignite Poison            Fire/Alch      0%         N/A       100%        4
 Freezing Cloud           Conj/Ice/Air   0%         6-21      100%        5


Dungeon Overview and Level Annotations

Branches:
Dungeon (9/15)             Temple (1/1) D:5            Lair (0/5) D:8
Ossuary (visited)          Bailey (visited)
    Orc: D:9-12

Altars:
Ashenzari
Cheibriados
Dithmenos
Elyvilon
Fedhas
Gozag
Hepliaklqana
Kikubaaqudgha
Makhleb
Nemelex Xobeh
Okawaru
Qazlal
Ru
Sif Muna
Trog
Uskayaw
Vehumet
Wu Jian
Xom
Yredelemnul
Zin
The Shining One

Shops:
D:2 ?


Innate Abilities, Weirdness & Mutations

Armour fits poorly on your strangely shaped body.
You have extremely tough skin. (AC +3)
You have a long armoured tail.
You regenerate magic and health when rolling toward enemies. (Rampage Regen)


Message History

Trog accepts your kill.
You barely miss the sun demon.
The kobold demonologist mumbles some strange words.
You completely miss the sun demon. The sun demon hits you!
You are engulfed in flames!
You block the kobold brigand's attack.
You barely miss the sun demon.
The kobold demonologist looks braver for a moment.
The sun demon hits you!
You are engulfed in flames!!
* * * LOW HITPOINT WARNING * * *
You slash the sun demon!
The sun demon is moderately wounded.
The kobold brigand hits you but does no damage.
You slice the kobold brigand!!
You kill the kobold brigand!
Trog accepts your kill.
The kobold demonologist mumbles some strange words.
The sun demon hits you but does no damage.
The hellwing swoops through the air toward you!
You block the hellwing's attack. The hellwing hits you.
* * * LOW HITPOINT WARNING * * *
The kobold hits you but does no damage.
The sun demon hits you but does no damage.
The kobold demonologist mumbles some strange words.
Items here: $ (( )) / ††.
You slash the kobold demonologist!
The kobold demonologist is moderately wounded.
The white imp disappears in a puff of smoke!
The kobold demonologist hits you but does no damage.
The sun demon hits you but does no damage.
You miss the kobold demonologist.
The kobold demonologist is moderately wounded.
You block the kobold's attack.
The white imp laughs crazily.
The hellwing hits you but does no damage. x2
You slice the kobold demonologist!!
The kobold demonologist is almost dead.
The sun demon hits you!
* * * LOW HITPOINT WARNING * * *
You are engulfed in flames!
You die...

.....y.........
........5.>....
.......5.......
?......K.......
...............
......K).......
#######K.......
#...43K4.......
##..##@KK5§.....
#..#####y..§....
#..#####.5.§.... ..#
#.....##..§..... #.#
#..###........... #.# #.#
#..#####.... #.# #.#
#.##...##....... . #.#
#.# ##.#..≈..#..........
#.#
##.###..#.≈≈≈.#..........


You could see a sun demon (summoned), a hellwing (summoned), an ice devil
(summoned), 2 kobold demonologists, a kobold brigand, a killer bee, a white imp
(summoned), an ufetubus (summoned) and a kobold.

Vanquished Creatures
  A two-headed ogre (Bailey)
  An unseen horror (D:7)
  A kobold demonologist (D:9)
  A troll (D:7)
  Prince Ribbit (D:6)
  Sigmund (D:6)
  A shadow (D:9)
  A spriggan (Bailey)
  2 steam dragons
  An acid dragon (D:8)
  A water moccasin (D:8)
  An orc warrior (D:8)
  2 black bears
  A sky beast (D:7)
  4 ogres
  2 centaurs (D:9)
  2 phantoms
  3 kobold brigands
  2 bullfrogs
  13 scorpions
  A gnoll sergeant (D:7)
  10 wights
  5 killer bees (D:9)
  5 howler monkeys
  5 crimson imps (D:9)
  5 centaur zombies (Ossuary)
  4 human zombies (Ossuary)
  A bombardier beetle (D:3)
  3 gnoll boudas
  4 hounds
  An orc priest (D:9)
  3 jellies
  5 sleepcaps
  An iguana (D:4)
  9 orc wizards
  5 scorpion zombies (Ossuary)
  3 mummies (Ossuary)
  19 gnolls
  6 adders
  A shadow imp (D:6)
  4 white imps (D:9)
  2 adder zombies (Ossuary)
  A ribbon worm (D:2)
  3 dart slugs
  28 orcs
  8 ball pythons
  10 endoplasms
  2 giant cockroaches
  4 gnoll zombies (Ossuary)
  5 goblins
  5 hobgoblins
  2 quokkas
  2 ball python zombies (Ossuary)
  2 bats (D:1)
  2 frilled lizards
  2 jackal zombies (Ossuary)
  18 kobolds
  An orc zombie (Ossuary)
  9 rats
248 creatures vanquished.

Notes
Turn   | Place    | Note
-------+----------+-------------------------------------------
     0 | D:1      | boopmooplesden the Armataur Fighter began the quest for the
                  | Orb.
     0 | D:1      | Reached XP level 1. HP: 18/18 MP: 1/1
   285 | D:1      | Reached XP level 2. HP: 25/25 MP: 2/2
   742 | D:2      | Reached XP level 3. HP: 7/31 MP: 3/3
  1243 | D:2      | Reached XP level 4. HP: 38/38 MP: 4/4
  1351 | D:2      | Found Qeegramui's Magic Scroll Boutique.
  1432 | D:2      | Identified a scroll of acquirement
  1432 | D:2      | Acquired a +2 demon blade of electrocution
  1527 | D:3      | HP: 1/38 [orc/+0 trident (5)]
  1954 | D:3      | Found a faded altar of an unknown god.
  1992 | D:3      | Reached XP level 5. HP: 29/45 MP: 5/5
  2155 | D:3      | Reached skill level 5 in Armour
  2452 | D:4      | Noticed a black bear
  2460 | D:4      | Reached XP level 6. HP: 38/51 MP: 6/6
  2462 | D:4      | Reached skill level 1 in Dodging
  2513 | D:4      | Found a sand-covered staircase.
  2523 | Ossuary  | Entered an ossuary
  2575 | Ossuary  | Gained mutation: You regenerate magic and health when
                  | rolling toward enemies. (Rampage Regen) [Armataur growth]
  2575 | Ossuary  | Reached XP level 7. HP: 32/57 MP: 7/7
  2666 | Ossuary  | Reached skill level 5 in Long Blades
  2740 | Ossuary  | Reached XP level 8. HP: 48/66 MP: 8/8
  3227 | D:4      | You fall into a shaft and drop 2 floors!
  3369 | D:6      | Noticed Prince Ribbit
  3403 | D:6      | Reached skill level 5 in Shields
  3426 | D:6      | Killed Prince Ribbit
  3537 | D:6      | Identified the +0 leather armour "Mooggil" {Harm Will+}
  3596 | D:6      | Reached skill level 5 in Fighting
  3732 | D:6      | Reached XP level 9. HP: 74/74 MP: 9/9
  4067 | D:6      | Noticed Sigmund
  4077 | D:6      | Killed Sigmund
  4228 | D:5      | Entered Level 5 of the Dungeon
  4244 | D:5      | Found a staircase to the Ecumenical Temple.
  4273 | Temple   | Entered the Ecumenical Temple
  4288 | Temple   | Became a worshipper of Trog the Wrathful
  4854 | D:5      | Found a glowing golden altar of the Shining One.
  5374 | D:7      | Found an opulent altar of Gozag.
  5374 | D:7      | Found a stormy altar of Qazlal.
  5407 | D:7      | Found a flagged portal.
  5420 | D:7      | Killed an unseen horror
  5428 | Bailey   | Entered a bailey
  5460 | Bailey   | Reached * piety under Trog
  5470 | Bailey   | Reached XP level 10. HP: 83/83 MP: 10/10
  5514 | Bailey   | Noticed a two-headed ogre
  5522 | Bailey   | Killed a two-headed ogre
  5544 | Bailey   | Identified the +5 rapier of the Undead {flame, rElec Str+3}
  6390 | D:8      | Found a staircase to the Lair.
  6549 | D:8      | Reached skill level 10 in Long Blades
  6600 | D:8      | Reached ** piety under Trog
  7516 | D:9      | Noticed a sun demon
  7525 | D:9      | Reached skill level 10 in Armour
  7538 | D:9      | Slain by a sun demon

Illustrated notes

Levels and vault maps discovered:
D:1:      dpeg_arrival_round_b, layout_basic
D:2:      layout_basic, serial_shops, nicolae_shop_behind_doors
D:3:      layout_basic, chequers_ecumenical_altar_lobes, serial_park_tiny_2
D:4:      layout_cave_pools, nicolae_ossuary_entry_monument
D:5:      layout_gridville, mainiacjoe_overflow_alcove_1,
          minmay_temple_entry_glass, grunt_ministairs_8
D:6:      layout_cave_pods, uniq_menkaure, uniq_prince_ribbit1, uniq_sigmund
D:7:      layout_layer_cave, nicolae_overflow_two_pavilions, enter_bailey_2,
          dk_noncrumbling_2
D:8:      minmay_weird_star, layout_loops_ring, lair_entry_dummy,
          minmay_splitting_lines
D:9:      layout_layer_cave, minmay_fire_ice_demons
Temple:   nicolae_temple_bog_church

Skill      XL: |  1  2  3  4  5  6  7  8  9 10 |
---------------+-------------------------------+-----
Armour         | 4 5 6 7 8 10 | 10.1
Long Blades    | 2 3 4 6 7 9 10 | 10.6
Fighting       | 3 4 5 6 7 |  7.1
Shields        | 4 5 6 7 |  7.4
Dodging        | 1 |  1.0
Stealth        | |  0.7

Action                     |  1- 3 |  4- 6 |  7- 9 | 10-12 || total
---------------------------+-------+-------+-------+-------++-------
  Melee: Long sword        |   113 |     6 |       |       ||   119
         Tailslap          |    11 |     6 |    50 |    21 ||    88
         Demon blade       |       |   116 |   329 |   246 ||   691
 Invoke: Berserk           |       |       |       |     1 ||     1
    Use: Potion            |     1 |     2 |     2 |     1 ||     6
         Scroll            |       |     5 |    16 |     3 ||    24
 Armour: Scale mail        |   103 |    50 |       |       ||   153
         Plate armour      |       |    95 |   423 |   250 ||   768
  Dodge: Dodged            |    39 |    32 |    52 |    39 ||   162
  Block: Buckler           |    24 |    44 |   127 |    98 ||   293
